 Dungeon Crawl Stone Soup version 0.21.1-1-g345015f (webtiles) character file.

81 kae the Insei (level 4, -2/33 HPs)
             Began as a Demonspawn Transmuter on June 14, 2018.
             Killed from afar by Sigmund (7 damage)
             ... with a puff of flame
             ... on level 2 of the Dungeon.
             The game lasted 00:02:10 (2681 turns).

kae the Insei (Demonspawn Transmuter)               Turns: 2681, Time: 00:02:10

Health: -2/33      AC:  2    Str: 10    XL:     4   Next: 20%
Magic:  2/7        EV: 18    Int: 19    God:
Gold:   85         SH:  0    Dex: 20    Spells: 2/8 levels left

rFire    . . .     SeeInvis .     - Unarmed
rCold    . . .     Gourm    .   (no shield)
rNeg     . . .     Faith    .   b - +0 robe
rPois    .         Spirit   .   (no helmet)
rElec    .         Reflect  .   (no cloak)
rCorr    .         Harm     .   (no gloves)
MR       .....                  (no boots)
Stlth    +++.......             (no amulet)
HPRegen  0.11/turn              (no ring)
MPRegen  0.10/turn              (no ring)

@: brilliant, agile, flying, very slightly contaminated
A: powered by death 1, sturdy frame 1
a: no special abilities


You were on level 2 of the Dungeon.
You were hungry.

You visited 1 branch of the dungeon, and saw 2 of its levels.

You collected 85 gold pieces.

Inventory:

Missiles
 a - 72 arrows
Armour
 b - a +0 robe (worn)
Jewellery
 m - a cursed ring of loudness {unknown}
Wands
 l - a wand of scattershot (3)
Scrolls
 f - 2 scrolls of identify {unknown}
 i - 3 scrolls of immolation {unknown}
Potions
 k - a potion of brilliance
Books
 c - a book of Changes

   Spells                             Type                      Level
   a - Beastly Appendage              Transmutation                1
   b - Sticks to Snakes               Transmutation                2
   c - Spider Form                    Transmutation/Poison         3
   d - Ice Form                       Ice/Transmutation            4
   e - Blade Hands                    Transmutation                5
Comestibles
 d - a ration


   Skills:
 + Level 1.7 Fighting
 + Level 2.3 Dodging
 * Level 3.4 Unarmed Combat
 + Level 2.5 Spellcasting
 + Level 2.2 Transmutations


You had 2 spell levels left.
You knew the following spells:

 Your Spells              Type           Power        Failure   Level  Hunger
a - Beastly Appendage     Tmut           ###...       1%          1    #......
b - Sticks to Snakes      Tmut           ###.....     1%          2    ##.....
c - Spider Form           Tmut/Pois      ###.......   3%          3    ###....


Dungeon Overview and Level Annotations

Branches:
Dungeon (2/15)

Altars:
Zin

Annotations:
D:2 Sigmund


Innate Abilities, Weirdness & Mutations

You regenerate a little health from kills.
Your movements are slightly less encumbered by armour. (ER -2)


Message History

* * * LOW HITPOINT WARNING * * *
It was a potion of brilliance.
You feel clever all of a sudden.
Your transformation has ended.
Your +0 robe unmelds from your body.
It was a potion of flight.
You feel very buoyant.
You fly up into the air.
Something hits you.
* * * LOW HITPOINT WARNING * * *
Really fly into a travel-excluded area? [Y]es or [N]o only, please.
Really fly into a travel-excluded area? [Y]es or [N]o only, please.
Really fly into a travel-excluded area? [Y]es or [N]o only, please.
Really fly into a travel-excluded area?
You hit something.
You hear some strange, mumbled words.
A puff of flame appears from out of thin air!
The puff of flame hits you!
You die...

##...## #.## ##.# ##'##
#.# #.# #.# #.## ##.#
#.# ########.###.##
##### #.#
#...........## ....#
... #{######.#.## ###.#
.....#. ### #.#.# #.#
##...##.##.###.#.#
#.######.###.#@.......#
#............{..###.###
############.######.#
#........# ##########


There were no monsters in sight!

Vanquished Creatures
  2 adders (D:2)
  2 oozes
  A worm (D:2)
  2 dart slugs (D:1)
  A leopard gecko (D:1)
  9 bats
  3 giant cockroaches
  4 goblins
  8 hobgoblins
  6 kobolds
  A ball python (D:2)
  A frilled lizard (D:1)
  6 rats
46 creatures vanquished.

Notes
Turn   | Place    | Note
-------+----------+-------------------------------------------
     0 | D:1      | kae the Demonspawn Transmuter began the quest for the Orb.
     0 | D:1      | Reached XP level 1. HP: 15/15 MP: 3/3
   408 | D:1      | Gained mutation: Your movements are slightly less encumbered by armour. (ER -2) [demonic ancestry]
   408 | D:1      | Reached XP level 2. HP: 17/21 MP: 3/5
   646 | D:1      | Reached skill level 3 in Unarmed Combat
   796 | D:1      | Reached XP level 3. HP: 14/26 MP: 4/6
   814 | D:1      | Learned a level 2 spell: Sticks to Snakes
   818 | D:1      | Learned a level 3 spell: Spider Form
  1191 | D:2      | Noticed Sigmund
  1785 | D:2      | Found a glowing silver altar of Zin.
  2299 | D:2      | Gained mutation: You regenerate a little health from kills. [demonic ancestry]
  2299 | D:2      | Reached XP level 4. HP: 29/32 MP: 5/7
  2681 | D:2      | Killed from afar by Sigmund

Skill      XL: |  1  2 |
---------------+-------+-----
Unarmed Combat | 3 |  3.4
Transmutations | 2 |  2.2
Dodging        | 2 |  2.3
Fighting       | |  1.7
Spellcasting   | |  2.5

Action                   |  1- 3 |  4- 6 || total
-------------------------+-------+-------++-------
Melee: Unarmed           |   154 |    23 ||   177
       Headbutt          |     4 |     2 ||     6
       Kick              |     9 |     1 ||    10
 Cast: Beastly Appendage |    17 |     2 ||    19
       Spider Form       |     2 |     2 ||     4
  Use: Potion            |       |     4 ||     4
 Stab: Sleeping          |     1 |       ||     1
  Eat: Chunk             |     5 |     1 ||     6
Armor: Robe              |    31 |       ||    31
Dodge: Dodged            |    81 |    15 ||    96
